 Dungeon Crawl Stone Soup version 0.16-a0-2296-gdce89d5 (webtiles) character file.

2438 smajdalf the Grappler (level 9, -3/79 HPs)
             Began as a Ghoul Warper on Nov 16, 2014.
             Was a Follower of Kikubaaqudgha.
             Slain by a wyvern (12 damage)
             ... on level 7 of the Dungeon.
             The game lasted 00:32:37 (11920 turns).

smajdalf the Grappler (Ghoul Warper)               Turns: 11920, Time: 00:32:37

Health: -3/79      AC:  5    Str: 15    XL:     9   Next: 49%
Magic:  11/11      EV:  9    Int: 11    God:    Kikubaaqudgha [*.....]
Gold:   568        SH:  0    Dex:  8    Spells: 3 memorised, 6 levels left

rFire  + . .     SeeInvis +       - Unarmed
rCold  + . .     Clarity  +     b - +0 ring mail
rNeg   + + +     SustAb   .     (no shield)
rPois  +         Gourm    .     (no helmet)
rElec  .         Spirit   .     (no cloak)
rCorr  .         Warding  .     (no gloves)
rMut   .         Stasis   .     (no boots)
MR     .....                    G - amulet of clarity
Stlth  ..........               M - ring of see invisible
                                s - ring of protection from fire (curse)

@: rotting, not resistant to hostile enchantments, extremely unstealthy
A: rotting body, claws 1, carnivore 3, cold resistance 1, negative energy
resistance 3, poison resistance, slow healing 1, torment resistance, unbreathing
a: Receive Corpses, Renounce Religion


You were on level 7 of the Dungeon.
You worshipped Kikubaaqudgha.
Kikubaaqudgha was aware of your devotion.
You were not hungry.

You visited 2 branches of the dungeon, and saw 9 of its levels.
You also visited: Sewer.

You collected 568 gold pieces.

Inventory:

Hand weapons
 w - a +0 blowgun
Missiles
 e - 4 tomahawks of dispersal
 f - 6 javelins (quivered)
 u - 5 curare-tipped needles
Armour
 b - a +0 ring mail (worn)
Jewellery
 s - a cursed ring of protection from fire (left claw)
 F - a cursed ring of wizardry
 G - an amulet of clarity (around neck)
 M - a ring of see invisible (right claw)
Magical devices
 y - a wand of magic darts (15)
 I - a wand of digging (13)
 R - a wand of disintegration (13)
Scrolls
 d - 3 scrolls of blinking
 g - 3 scrolls of teleportation {unknown}
 h - 6 scrolls of identify
 j - 3 scrolls of remove curse {unknown}
 k - 2 scrolls of magic mapping {unknown}
 l - a scroll of random uselessness {unknown}
 m - 2 scrolls of enchant armour {unknown}
 t - 3 scrolls of amnesia {unknown}
 B - a scroll of enchant weapon {unknown}
 D - 2 scrolls of immolation {unknown}
Potions
 a - 2 potions of curing
 p - 2 potions of cancellation {unknown}
 q - 2 potions of brilliance {unknown}
 r - 3 potions of poison {unknown}
 v - 4 potions of heal wounds {unknown}
 x - a potion of invisibility {unknown}
 z - a potion of might {unknown}
 A - a potion of berserk rage {unknown}
 C - a potion of beneficial mutation {unknown}
 H - a potion of resistance {unknown}
 J - a potion of flight {unknown}
 K - a potion of confusion {unknown}
 L - 2 potions of restore abilities {unknown}
 N - a potion of agility {unknown}
 O - a potion of magic {unknown}
 P - a potion of haste
Books
 c - a book of Spatial Translocations

   Spells                             Type                      Level
   *Apportation                       Translocation                1
   *Blink                             Translocation                2
   *Shroud of Golubria                Charms/Translocation         2
   Portal Projectile                  Translocation                3
   Teleport Other                     Translocation                3
   Passage of Golubria                Translocation                4
 E - a book of Power

   Spells                             Type                      Level
   Fulminant Prism                    Conjuration/Hexes            4
   Iskenderun's Mystic Blast          Conjuration                  4
   Venom Bolt                         Conjuration/Poison           5
   Bolt of Magma                      Conjuration/Fire/Earth       5
   Iron Shot                          Conjuration/Earth            6
   Orb of Destruction                 Conjuration                  7
 S - Kikubaaqudgha's Handbook of Evil
   (Kikubaaqudgha gifted it to you on level 7 of the Dungeon)

   Spells                             Type                      Level
   Animate Skeleton                   Necromancy                   1
   Pain                               Necromancy                   1
   Corpse Rot                         Necromancy                   2
   Vampiric Draining                  Necromancy                   3
   Control Undead                     Necromancy                   4
Comestibles
 i - a beef jerky
 n - 5 meat rations
 o - 4 royal jellies


   Skills:
 - Level 7.2 Fighting
 - Level 0.8 Throwing
 - Level 0.8 Armour
 - Level 1.7 Dodging
 + Level 11.7 Unarmed Combat
 - Level 1.7 Spellcasting
 - Level 2.6 Translocations


You had 6 spell levels left.
You knew the following spells:

 Your Spells              Type           Power        Failure   Level  Hunger
a - Apportation           Tloc           #.........   14%         1    ##.....
b - Blink                 Tloc           N/A          21%         2    ###....
c - Shroud of Golubria    Chrm/Tloc      #.........   34%         2    ###....


Dungeon Overview and Level Annotations

Branches:
Dungeon (8/15)             Temple (1/1) D:7
   Lair: D:8-11

Altars:
Ashenzari
Cheibriados
Gozag
Kikubaaqudgha
Makhleb
Nemelex Xobeh
Okawaru
Qazlal
Ru
Sif Muna
Trog
Xom
Yredelemnul
Zin
The Shining One

Shops:
D:4 [

Annotations:
D:4 shop: armour
D:8 Dowan, Duvessa


Innate Abilities, Weirdness & Mutations

Your body is rotting away.
You thrive on raw meat.
You have sharp fingernails.
You are carnivorous and can eat meat at any time.
Your flesh is cold resistant.
You are immune to negative energy.
Your system is resistant to poisons.
You heal slowly when monsters are visible.
You are immune to unholy pain and torment.
You can survive without breathing.


Message History

You climb upwards.
There is a stone staircase leading down here.
Unknown command.
Drink which item? (? for menu, Esc to quit)
You feel better. The wyvern bites you.
* * * LOW HITPOINT WARNING * * *
Drink which item? (? for menu, Esc to quit)
You feel better. The wyvern barely misses you. The wyvern bites you.
* * * LOW HITPOINT WARNING * * *
You claw the wyvern!
The wyvern begins to bleed from its wounds!
The wyvern is heavily wounded.
The wyvern bites you.
* * * LOW HITPOINT WARNING * * *
Unknown command.
You closely miss the wyvern.
The wyvern is heavily wounded.
The wyvern bites you!
You die...
Kikubaaqudgha rasps: "You have failed me!
Welcome... oblivion!"

# #############.# #.###.# #
#......##.# #># #.# #
#.####.##.#######.###.# #
#######.####.##........#...## #
#................#####......#
####.#####.####.......###......#
.....# #.####..##(#..........##
###### #......D##.#..##......#.
#######@##............#.
#.##........#####.
#.##.#..##........
#................#
####.....#..##...#
####...........
#######..#.......#
#................#
#.#####.##........


You could see a wyvern (bleeding).

Vanquished Creatures
  Menkaure (D:4)
  A black bear (D:7)
  A sky beast (D:7)
  2 phantoms
  An ogre (D:6)
  3 giant frogs
  3 big kobolds
  Blork the orc (D:7)
  A wyvern skeleton (D:5)
  5 goliath beetles
  A crimson imp (D:5)
  A giant frog zombie (D:5)
  6 orc priests
  2 giant frog skeletons
  3 hounds
  6 orc wizards
  5 worker ants
  Natasha (thrice) (D:3)
  An iguana (D:7)
  Ijyb (D:4)
  A hound zombie (D:7)
  Terence (D:2)
  A mummy (D:7)
  2 worker ant zombies
  A green rat (Sewer)
  A shadow imp (D:5)
  16 adders
  4 worms
  7 giant geckos
  An ooze (D:6)
  33 orcs
  10 bats
  8 hobgoblins
  3 jackals (D:1)
  20 kobolds
  A ball python (D:3)
  8 giant cockroaches
  8 giant newts
  14 goblins
  7 quokkas
  18 rats
213 creatures vanquished.

Notes
Turn   | Place    | Note
--------------------------------------------------------------
     0 | D:1      | smajdalf, the Ghoul Warper, began the quest for the Orb.
     0 | D:1      | Reached XP level 1. HP: 17/17 MP: 2/2
   265 | D:1      | Reached XP level 2. HP: 21/24 MP: 3/3
   266 | D:1      | Reached skill level 3 in Unarmed Combat
  2119 | D:2      | Reached XP level 3. HP: 29/29 MP: 5/5
  2138 | D:2      | Noticed Terence
  2170 | D:2      | Reached skill level 4 in Unarmed Combat
  2295 | D:2      | Killed Terence
  2439 | D:2      | Reached XP level 4. HP: 32/36 MP: 5/5
  2663 | D:3      | Reached skill level 5 in Unarmed Combat
  2721 | D:3      | Reached XP level 5. HP: 19/40 MP: 6/6
  3088 | D:3      | Reached skill level 6 in Unarmed Combat
  3157 | D:3      | Noticed Natasha
  3169 | D:3      | Killed Natasha
  3337 | D:3      | Noticed Natasha
  3341 | D:3      | Killed Natasha
  3341 | D:3      | Reached XP level 6. HP: 39/48 MP: 8/8
  3991 | D:3      | Noticed Natasha
  3995 | D:3      | Killed Natasha
  4263 | D:4      | Reached skill level 7 in Unarmed Combat
  4325 | D:4      | Learned a level 2 spell: Blink
  4328 | D:4      | Learned a level 2 spell: Shroud of Golubria
  4523 | D:4      | Found a snail-covered altar of Cheibriados.
  4614 | D:4      | Found Psajal's Armour Shoppe.
  4699 | D:4      | Found a shimmering altar of Xom.
  4731 | D:4      | Noticed Ijyb
  4751 | D:4      | Killed Ijyb
  4841 | D:4      | Noticed Menkaure
  4851 | D:4      | Killed Menkaure
  4851 | D:4      | Reached skill level 8 in Unarmed Combat
  4851 | D:4      | Reached XP level 7. HP: 25/55 MP: 8/8
  5151 | D:5      | Entered Level 5 of the Dungeon
  5260 | D:4      | Found Psajal's Armour Shoppe.
  5341 | D:4      | Found a snail-covered altar of Cheibriados.
  5409 | D:4      | Found a shimmering altar of Xom.
  5755 | D:5      | Reached skill level 9 in Unarmed Combat
  5838 | D:5      | Found a bloodstained altar of Trog.
  5840 | D:5      | Found a burning altar of Makhleb.
  5842 | D:5      | Found a shattered altar of Ashenzari.
  5856 | D:5      | Found an opulent altar of Gozag.
  5930 | D:5      | Found a deep blue altar of Sif Muna.
  6409 | D:5      | Found a bloodstained altar of Trog.
  6462 | D:5      | Found a deep blue altar of Sif Muna.
  6515 | D:5      | Found a shattered altar of Ashenzari.
  6519 | D:5      | Found an opulent altar of Gozag.
  6519 | D:5      | Found a burning altar of Makhleb.
  6649 | D:5      | Reached XP level 8. HP: 62/67 MP: 10/10
  6911 | D:6      | Reached skill level 5 in Fighting
  7036 | D:6      | Found a glowing drain.
  7085 | Sewer    | Entered a sewer
  7228 | Sewer    | Found a white marble altar of Elyvilon.
  9853 | D:7      | Found a staircase to the Ecumenical Temple.
  9862 | Temple   | Entered the Ecumenical Temple
 10124 | Temple   | Became a worshipper of Kikubaaqudgha
 10440 | D:7      | Reached skill level 10 in Unarmed Combat
 10440 | D:7      | Reached XP level 9. HP: 61/79 MP: 11/11
 10866 | D:7      | Found an iron altar of Okawaru.
 10996 | D:7      | Reached skill level 11 in Unarmed Combat
 11124 | D:7      | Acquired Kikubaaqudgha's first power
 11124 | D:7      | Received a gift from Kikubaaqudgha
 11134 | D:7      | Identified Kikubaaqudgha's Handbook of Evil (Kikubaaqudgha gifted it to you on level 7 of the Dungeon)
 11172 | D:7      | Noticed Blork the orc
 11191 | D:7      | Killed Blork the orc
 11870 | D:8      | Noticed Duvessa
 11884 | D:8      | Noticed Dowan
 11920 | D:7      | Slain by a wyvern

Action                   |  1- 3 |  4- 6 |  7- 9 || total
-------------------------+-------+-------+-------++-------
Melee: Unarmed           |   114 |   220 |   496 ||   830
Throw: Javelin           |       |       |    33 ||    33
       Tomahawk          |       |       |     1 ||     1
  Use: Potion            |     2 |       |     2 ||     4
       Scroll            |       |       |     1 ||     1
 Stab: Fleeing           |       |       |     1 ||     1
  Eat: Chunk             |    17 |    35 |    79 ||   131
